AoeStats
← matipalominos1

Arena

507164363Analyzed
1v1 RM · 16d ago on Sep 16, 2026· 25m 55s· 2 players
Game mode
Random Map
Map size
Tiny (2 player)
Population
200
Speed
Normal
Resources
Standard
Victory
Conquest
Starting age
Dark Age
Ending age
Imperial Age
RankedLock teamsTeams togetherTeam positionsShared explorationLock speedFull tech treeHidden civsTurbo modeCheats
Victory
Defeat
🇨🇱 Sicilians · Chile
569
+16
🇧🇷 Byzantines · Brazil
575
-16
matipalominos1
11:23 Feudal Age
19:12 Castle Age
17:16 Horse Collar
17:51 Forging
19:35 Scale Mail Armor
21:27 Iron Casting
24:44 Chain Mail Armor
Backpack
11:31 Feudal Age
15:28 Castle Age
15:30 Man-at-Arms
17:18 Gambesons
18:30 Double-Bit Axe
21:07 Forging
22:11 Scale Mail Armor
Connection lost

Rejoining the realm…

Still unreachable

The connection could not be restored.

Session expired

The server has moved on; the page needs a fresh start.